 Dungeon Crawl Stone Soup version 0.29-a0-925-g0a7a3d12f8 (webtiles) character file.

Game seed: 10633865333580464428

5452 Pooter the Cleaver (level 10, -17/135 HPs)
             Began as a Minotaur Berserker on July 29, 2022.
             Was an Elder of Trog.
             Demolished by an orc warlord
             ... wielding a +7 broad axe
              (19 damage)
             ... in a bailey on July 30, 2022.
             The game lasted 00:45:16 (7853 turns).

Pooter the Cleaver (Minotaur Berserker)             Turns: 7853, Time: 00:45:17

Health: -17/135    AC: 14    Str: 23    XL:     10   Next: 41%
Magic:  9/9        EV:  8    Int:  4    God:    Trog [****..]
Gold:   153        SH:  0    Dex: 13    Spells: 9/9 levels left

rFire   . . .      SeeInvis .   a - +0 battleaxe
rCold   . . .      Faith    +   (shield currently unavailable)
rNeg    . . .      Spirit   .   G - +3 chain mail {Will+}
rPois   +          Reflect  .   (helmet restricted)
rElec   .          Harm     .   C - +0 cloak
rCorr   .          Rampage  .   (no gloves)
Will    +++..                   n - +0 pair of boots
Stlth   ..........              h - amulet of faith {!P}
HPRegen 1.32/turn               P - ring of poison resistance
MPRegen 0.11/turn               (no ring)

@: berserking, strong-willed, regenerating, very quick
A: horns 2, retaliatory headbutt
a: Renounce Religion, Berserk, Trog's Hand, Brothers in Arms


You were in a bailey.
You worshipped Trog.
Trog was greatly pleased with you.
You visited 1 branch of the dungeon, and saw 9 of its levels.
You also visited: Bailey.

You collected 255 gold pieces.
You spent 102 gold pieces at shops.

Inventory:

Hand Weapons
 a - a +0 battleaxe (weapon)
   (You took it off an orc knight in a bailey)
 b - a +0 shortbow
   (You took it off a centaur on level 5 of the Dungeon)
 c - a +1 war axe
   (You took it off Blork the orc on level 5 of the Dungeon)
 F - a +0 flail
   (You took it off an orc on level 3 of the Dungeon)
Missiles
 g - 13 boomerangs (quivered)
 r - 17 poisoned darts
 w - 2 throwing nets {!f}
 Q - 84 stones
Armour
 n - a +0 pair of boots (worn)
   (You found it on level 2 of the Dungeon)
 x - a +3 ring mail of fire resistance
   (You took it off Terence on level 3 of the Dungeon)
 C - a +0 cloak (worn)
   (You found it on level 4 of the Dungeon)
 G - a +3 chain mail of willpower (worn)
   (You took it off Duvessa on level 5 of the Dungeon)
Jewellery
 h - an amulet of faith (around neck) {!P}
   (You found it on level 2 of the Dungeon)
 m - a +6 ring of intelligence
   (You found it on level 2 of the Dungeon)
 P - a ring of poison resistance (left hand)
   (You found it on level 3 of the Dungeon)
Wands
 f - a wand of flame (37)
   (You found it on level 5 of the Dungeon)
 v - a wand of light (1)
   (You found it on level 3 of the Dungeon)
 D - a wand of digging (1)
   (You took it off Dowan on level 5 of the Dungeon)
Scrolls
 j - 2 scrolls of blinking
 o - 3 scrolls of butterflies
 s - 2 scrolls of poison
 t - a scroll of fear
 A - a scroll of summoning {unknown}
 B - a scroll of brand weapon {unknown}
Potions
 d - 2 potions of cancellation {unknown}
 e - a potion of flight {unknown}
 i - 2 potions of haste {@q3}
 k - a potion of experience {unknown}
 l - a potion of resistance {unknown}
 p - 3 potions of invisibility {unknown}
 q - 2 potions of heal wounds {unknown}
 u - 3 potions of curing {@q1}
 z - a potion of might {unknown}
 E - 3 potions of mutation {unknown}


   Skills:
 + Level 8.7 Fighting
 * Level 11.6 Axes
 * Level 6.9 Ranged Weapons
 + Level 6.2 Throwing
 - Level 2.4 Armour
 - Level 2.1 Dodging
 + Level 5.1 Evocations


You had 9 spell levels left.
You didn't know any spells.
Your spell library was empty.

Dungeon Overview and Level Annotations

Branches:
Dungeon (9/15)             Temple (0/1) D:6            Lair (0/5) D:9
 Bailey (1/1)
    Orc: D:9-12

Altars:
Elyvilon
Uskayaw
Yredelemnul
The Shining One

Shops:
D:3 *

Annotations:
D:3 2 transporters, Zerkas's ghost, amateur HOFi


Innate Abilities, Weirdness & Mutations

You have a pair of horns on your head.
You reflexively headbutt those who attack you in melee.


Message History

Your skin crawls.
You feel strong-willed. The gnoll hits you but does no damage.
A red film seems to cover your vision as you go berserk!
You feel yourself moving faster!
You feel mighty! The gnoll hits you with a +3 hand axe.
You slash the gnoll! The gnoll hits you with a +3 hand axe.
You slash the gnoll!
You kill the gnoll!
Trog accepts your kill.
The orc warlord hits you with a +7 broad axe!!
The orc warrior barely misses you. The goblin hits you with a +0 hand axe.
There is an open door, spattered with blood here.
Items here: )) [[ †.
You slice the orc warlord!! You headbutt the orc warlord! You hit the goblin.
You feel the power of Trog in you as your rage grows.
You kill the goblin!
Trog accepts your kill.
You slash the orc warrior!
The orc warlord hits you with a +7 broad axe!!!
The orc warrior closely misses you.
You closely miss the orc warlord. You hit the orc warrior.
You slash the orc warrior!
The orc warrior no longer looks unusually strong.
The orc warlord hits you with a +7 broad axe!!
* * * LOW HITPOINT WARNING * * *
The orc warrior hits you with a +0 hand axe!
* * * LOW HITPOINT WARNING * * *
The orc warrior hits you with a +0 broad axe!!
* * * LOW HITPOINT WARNING * * *
You barely miss the orc warrior. Your headbutt misses the orc warrior.
You barely miss the orc warlord. You closely miss the orc warrior.
You slice the orc warrior!!
You kill the orc warrior!
Trog accepts your kill.
You closely miss the orc warrior.
You hit the orc warlord but do no damage.
The orc warrior barely misses you. You furiously retaliate!
You headbutt the orc warrior!
The orc warlord roars a battlecry!
The orc warrior goes into a battle-frenzy!
You slice the orc warrior!! You slash the orc warrior!
You feel the power of Trog in you as your rage grows.
You kill the orc warrior!
Trog accepts your kill.
You barely miss the orc warlord.
The orc warrior hits you with a +0 battleaxe!!
* * * LOW HITPOINT WARNING * * *
The orc warlord hits you with a +7 broad axe!!
You die...

..........#....)......#
..........#...........#
.........###....)..))###
'#.....###.###.....#)#.###
.###.###
....###.###.....### ...###
......###.........## ....#
......##8..........# ....#
......)#8..........# ....#
......o@.....⌠....∩# ....#
......o#8..........# ....#
....).##8..........#
)..###
......###.........##
.###.###
....###.###.....###
)#.....###.###.....#)#.###
.).......###.......).###
[)........#...........#
..........#...........#


You could see an orc warlord and an orc warrior (strong).

Vanquished Creatures
  A two-headed ogre (D:9)
  An orc knight (Bailey)
  5 yaks
  Eustachio (D:5)
  A steam dragon (D:8)
  Duvessa (D:5)
  12 orc warriors
  2 ice beasts
  A black bear (D:8)
  A centaur (D:5)
  2 phantoms
  A kobold brigand (D:9)
  Blork the orc (D:5)
  4 bullfrogs
  4 scorpions
  Dowan (D:5)
  6 killer bees (D:8)
  2 howler monkeys
  A jelly (D:3)
  2 hounds
  3 orc priests (D:4)
  Terence (D:3)
  2 iguanas
  Natasha (thrice) (D:3)
  Ijyb (D:4)
  9 orc wizards
  7 gnolls
  9 adders
  An ufetubus (D:5)
  2 worms
  6 dart slugs
  27 orcs
  7 endoplasms
  2 giant cockroaches
  13 hobgoblins
  7 jackals
  3 quokkas
  5 ball pythons
  2 bats (D:2)
  A frilled lizard (D:1)
  21 goblins
  17 kobolds
  4 rats (D:2)
  A spectral orc (D:5)
204 creatures vanquished.

Notes
Turn   | Place    | Note
-------+----------+-------------------------------------------
     0 | D:1      | Pooter the Minotaur Berserker began the quest for the Orb.
     0 | D:1      | Reached XP level 1. HP: 19/19 MP: 0/0
   242 | D:1      | Reached skill level 4 in Axes
   604 | D:1      | Found a faded altar of an unknown god.
   621 | D:1      | Reached XP level 2. HP: 10/27 MP: 1/1
  1255 | D:2      | Reached XP level 3. HP: 33/33 MP: 2/2
  1552 | D:2      | Reached skill level 5 in Axes
  1552 | D:2      | Reached skill level 1 in Throwing
  1831 | D:2      | Reached XP level 4. HP: 40/41 MP: 3/3
  1854 | D:2      | Reached ** piety under Trog
  2036 | D:3      | Found a transporter.
  2074 | D:3      | Noticed Zerkas's ghost (amateur HOFi)
  2093 | D:3      | Noticed Natasha
  2108 | D:3      | Killed Natasha
  2116 | D:3      | Reached XP level 5. HP: 47/47 MP: 4/4
  2295 | D:3      | Reached skill level 5 in Fighting
  2295 | D:3      | Reached skill level 6 in Axes
  2343 | D:3      | Identified the +1 robe "Guisitwu" {rF+ rC+}
  2370 | D:3      | Noticed Natasha
  2383 | D:3      | Killed Natasha
  2473 | D:3      | Noticed Natasha
  2483 | D:3      | Killed Natasha
  2559 | D:3      | Found a transporter.
  2731 | D:3      | Found Pecyut's Assorted Antiques.
  2740 | D:3      | Bought a scroll labelled ALOXKU DAGREHAFEBB for 27 gold
                  | pieces
  2740 | D:3      | Bought a scroll labelled POAMIC REPA for 27 gold pieces
  2740 | D:3      | Bought a black potion for 24 gold pieces
  2810 | D:3      | Reached XP level 6. HP: 54/56 MP: 5/5
  3075 | D:3      | Noticed Terence
  3080 | D:3      | Killed Terence
  3238 | D:4      | Reached skill level 1 in Evocations
  3307 | D:4      | Noticed Ijyb
  3417 | D:4      | Killed Ijyb
  3418 | D:4      | Reached skill level 7 in Axes
  3777 | D:3      | Bought a fuming black potion for 24 gold pieces
  3817 | D:4      | Reached XP level 7. HP: 62/62 MP: 6/6
  4077 | D:4      | Reached *** piety under Trog
  4684 | D:5      | Entered Level 5 of the Dungeon
  4737 | D:5      | Reached skill level 8 in Axes
  4853 | D:5      | Noticed a yak
  4853 | D:5      | Noticed a yak
  4855 | D:5      | Noticed a yak
  4877 | D:4      | Killed a yak
  4878 | D:4      | Reached XP level 8. HP: 71/71 MP: 7/7
  5122 | D:4      | Reached skill level 9 in Axes
  5122 | D:4      | Reached skill level 1 in Ranged Weapons
  5570 | D:5      | Noticed Blork the orc
  5575 | D:5      | Killed Blork the orc
  5584 | D:5      | Noticed Eustachio
  5614 | D:5      | Killed Eustachio
  5615 | D:5      | Reached XP level 9. HP: 79/79 MP: 8/8
  5661 | D:5      | Noticed Dowan
  5667 | D:5      | Killed Dowan
  5682 | D:5      | Noticed Duvessa
  5697 | D:5      | Killed Duvessa
  5921 | D:5      | Found a basalt altar of Yredelemnul.
  6123 | D:5      | Found a white marble altar of Elyvilon.
  6152 | D:5      | Found a glowing golden altar of the Shining One.
  6321 | D:6      | Reached skill level 5 in Throwing
  6321 | D:6      | Found a staircase to the Ecumenical Temple.
  6387 | D:6      | Reached skill level 10 in Axes
  6457 | D:6      | You fall into a shaft and drop 3 floors!
  6471 | D:9      | Noticed a two-headed ogre
  6482 | D:9      | Killed a two-headed ogre
  6483 | D:9      | Reached skill level 5 in Ranged Weapons
  6766 | D:8      | Reached skill level 11 in Axes
  6766 | D:8      | Reached XP level 10. HP: 88/88 MP: 9/9
  6943 | D:8      | Found a hide-covered altar of Uskayaw.
  6996 | D:7      | Reached **** piety under Trog
  7003 | D:7      | Found a flagged portal.
  7012 | Bailey   | Entered a bailey
  7237 | Bailey   | Noticed an orc knight
  7246 | Bailey   | Killed an orc knight
  7531 | Bailey   | Reached skill level 5 in Evocations
  7837 | Bailey   | Noticed an orc warlord
  7853 | Bailey   | HP: 2/135 [orc warrior/+0 battleaxe (29)]
  7853 | Bailey   | Demolished by an orc warlord

Illustrated notes

Levels and vault maps discovered:
D:1:      saegor_arrival_simple_d, layout_basic, basic_ecumenical_altar,
          minmay_tripent
D:2:      layout_basic, minivault_26
D:3:      layout_basic, serial_shops, nicolae_lakefront_shop,
          gammafunk_ghost_arena, minmay_pentomino_pile, uniq_natasha,
          uniq_terence
D:4:      cheibrodos_pilgrimage, layout_gridville, uniq_ijyb
D:5:      layout_cave_pools, yredelemnul_forgotten_temple_becter,
          mainiacjoe_overflow_two_lobes, bh_walls_and_bars, uniq_blork_the_orc,
          uniq_duvessa, uniq_eustachio
D:6:      layout_loops_cross, mainiacjoe_overflow_divided_tiny,
          minmay_temple_entry_junction, minmay_misc_feat_tower
D:7:      minmay_the_grid_triangle_9x9_rhombus_full
          [minmay_the_grid_triangle_9x9_pentomino_pain,
          minmay_the_grid_triangle_9x9_limited_checkers,
          minmay_the_grid_triangle_9x9_swiss_cheese,
          minmay_the_grid_triangle_9x9_skeleton,
          minmay_the_grid_triangle_9x9_negative_grid,
          minmay_the_grid_triangle_9x9_minimal,
          minmay_the_grid_triangle_9x9_longest,
          minmay_the_grid_triangle_9x9_prize_center], layout_gridville,
          enter_bailey_3
D:8:      nicolae_BIG_FREAKIN_CUBE, layout_loops_corners,
          mainiacjoe_overflow_cross_hatched, serial_shops,
          nicolae_shop_temple_entry_statues_fountains, minmay_diced_spiral,
          uniq_maggie
D:9:      layout_stronghold, david_lair_generic,
          hangedman_abyss_or_decor_passed, nicolae_figureground_pulse,
          uniq_joseph
Bailey:   bailey_axe_minmay_hex_keep, bailey

Skill      XL: |  1  2  3  4  5  6  7  8  9 10 |
---------------+-------------------------------+-----
Axes           | 4 5 6 7 8 9 11 | 11.6
Fighting       | 4 5 6 7 8 |  8.7
Throwing       | 1 2 3 4 5 6 |  6.2
Evocations     | 1 2 3 4 5 |  5.1
Ranged Weapons | 3 5 6 |  6.9
Armour         | |  2.4
Dodging        | |  2.1

Action                   |  1- 3 |  4- 6 |  7- 9 | 10-12 || total
-------------------------+-------+-------+-------+-------++-------
Melee: Hand axe          |    86 |    27 |       |       ||   113
       Headbutt          |     9 |    15 |    37 |    10 ||    71
       Punch             |     1 |     3 |     1 |       ||     5
       Flail             |       |    69 |    72 |       ||   141
       War axe           |       |       |   133 |    14 ||   147
       Battleaxe         |       |       |       |    55 ||    55
 Fire: Shortbow          |       |       |    32 |    20 ||    52
Throw: Boomerang         |       |    11 |    20 |       ||    31
Invok: Berserk           |     2 |     8 |     7 |     7 ||    24
       Trog's Hand       |       |     4 |    10 |     4 ||    18
Evoke: Wand              |       |     2 |    13 |     5 ||    20
  Use: Scroll            |     1 |     2 |    12 |     2 ||    17
       Potion            |       |       |     1 |       ||     1
 Stab: Invisible         |       |       |     1 |       ||     1
Armor: Chain mail        |    30 |    18 |    96 |    37 ||   181
       Animal skin       |     1 |       |       |       ||     1
       Ring mail         |       |    16 |    30 |       ||    46
Dodge: Dodged            |    30 |    45 |   105 |    29 ||   209

Table legend: (Time is in decaauts)
 A = Elapsed time spent in this place.
 B = Non-inter-level travel time spent in this place.
 C = Inter-level travel time spent in this place.
 D = Time resting spent in this place.
 E = Time spent auto-exploring this place.
 F = Levels seen in this place.
 G = Mean time per level.
                   A        B        C        D        E       F      G
               +--------+--------+--------+--------+--------+-----+--------+
         Total |   8108 |   7891 |    217 |   2313 |   3890 |  10 |  810.8 |
       Dungeon |   7218 |   7001 |    217 |   1672 |   3890 |   9 |  802.0 |
        Bailey |    889 |    889 |      0 |    640 |      0 |   1 |  889.0 |
               +--------+--------+--------+--------+--------+-----+--------+

Top non-repeatable levels by time:
     D:4: 1867 daAuts
     D:3: 1434 daAuts
     D:1: 1237 daAuts
     D:5: 985 daAuts
  Bailey: 889 daAuts
     D:2: 825 daAuts
     D:8: 431 daAuts
     D:6: 298 daAuts
     D:7: 69 daAuts
     D:9: 69 daAuts
